 Dungeon Crawl Stone Soup version 0.31.0-12-g77e489cdc1 (webtiles) character file.

Game seed: 1319266970845245095

1058 KKCryptic the Chopper (level 8, 0/68 HPs)
             Began as a Minotaur Fighter on Feb 14, 2024.
             Was an Elder of Uskayaw.
             Slain by a yak (9 damage)
             ... on level 4 of the Dungeon.
             The game lasted 00:09:47 (3035 turns).

KKCryptic the Chopper (Minotaur Fighter)            Turns: 3035, Time: 00:09:47

Health: 0/68       AC:  8    Str: 23    XL:     8   Next: 6%
Magic:  4/9        EV: 11    Int:  5    God:    Uskayaw [****..]
Gold:   161        SH:  5    Dex: 16    Spells: 7/7 levels left

rFire   . . .        a - +0 war axe
rCold   . . .        c - +0 buckler
rNeg    . . .        b - +0 scale mail
rPois   .            (helmet restricted)
rElec   .            (no cloak)
rCorr   .            (no gloves)
SInv    .            q - +0 pair of boots
Will    .....        (no amulet) Stlth
                     h - +6 ring of dexterity
HPRegen 0.31/turn    (no ring)
MPRegen 0.11/turn

%: no passive effects
@: mighty
A: horns 2, retaliatory headbutt
a: Renounce Religion, Stomp, Line Pass


You were on level 4 of the Dungeon.
You worshipped Uskayaw.
Uskayaw was noncommittal.
You visited 1 branch of the dungeon, and saw 4 of its levels.

You collected 161 gold pieces.

Inventory:

Hand Weapons
 a - a +0 war axe (weapon)
Missiles
 m - 7 poisoned darts (quivered)
Armour
 b - a +0 scale mail (worn)
 c - a +0 buckler (worn)
 q - a +0 pair of boots (worn)
Jewellery
 h - a +6 ring of dexterity (left hand)
 n - an amulet of guardian spirit
Scrolls
 e - a scroll of vulnerability
 j - a scroll of immolation {unknown}
 o - a scroll of brand weapon {unknown}
 p - a scroll of blinking
 r - a scroll of teleportation
Potions
 f - a potion of curing
 g - a potion of enlightenment
 i - a potion of haste
 k - 2 potions of cancellation
 l - 3 potions of heal wounds


   Skills:
 - Level 5.0 Fighting
 * Level 7.5 Axes
 - Level 5.0 Armour
 + Level 3.8 Dodging
 - Level 5.0 Shields
 + Level 3.4 Invocations


You had 7 spell levels left.
You didn't know any spells.
Your spell library contained the following spells:

 Spells                   Type           Power      Damage    Failure   Level
 Shock                    Conj/Air       0%         1d3       83%         1
 Mercury Vapours          Alch/Air       0%         N/A       93%         2
 Anguish                  Hex/Necr       0%         N/A       100%        4
 Plasma Beam              Fire/Air       0%         2x1d10    100%        6
 Haunt                    Necr/Summ      0%         N/A       100%        7


Dungeon Overview and Level Annotations

Branches:
Dungeon (4/15)
 Temple: D:4-7

Altars:
Gozag
Nemelex Xobeh
Uskayaw
The Shining One

Shops:
D:2 =

Annotations:
D:4 2 transporters, Ruich's ghost, amateur OpSh


Innate Abilities, Weirdness & Mutations

You have a pair of horns on your head.
You reflexively headbutt those who attack you in melee.


Message History

You catch the helpless yak completely off-guard!
You hit the yak but do no damage.
The yak seems less confused. x2
The yak gores you! You block the yak's attack. The yak gores you!
The yak gores you.
Uskayaw will force your foes to helplessly watch your dance.
You barely miss the yak. You block the yak's attack.
You slash the yak! You headbutt the yak!
The yak is almost dead.
The yak gores you!
Uskayaw will force your foes to share their pain.
Uskayaw links your audience in an emotional bond!
You hit the yak.
You kill the yak! x3
Your Axes skill increases to level 7!
Your Dodging skill increases to level 3!
Your Invocations skill increases to level 3!
You have reached level 8!
You feel agile.
You barely miss the yak.
The yak is moderately wounded.
The yak is no longer sharing its pain.
The yak gores you but does no damage. The yak barely misses you.
You completely miss the yak.
The yak is moderately wounded.
The yak gores you.
* * * LOW HITPOINT WARNING * * *
You barely miss the yak.
The yak is moderately wounded.
The yak closely misses you.
You slice the yak!!
The yak is severely wounded.
The yak gores you!
* * * LOW HITPOINT WARNING * * *
You hit the yak.
The yak is severely wounded.
The yak gores you but does no damage.
You hit the yak. Your headbutt misses the yak.
The yak is severely wounded.
The yak gores you!
You die...

Y..# Y._ ### .. #### ...##.###
##... #.#.##.# #..#.
#......##### #.#..
#....#.#Y.†...# #.##. #.#.
#.#Y####.# #.... #...
#.#@####.#######.##. ...
..#.##.............. ##.##
###.##.#.##########. #...###.#
#......# #.. #...... #......#
##. #...# ##.#..## ## #<..#
#.#..# ######...#
#####.#..###########
##.......####.........##>......#


You could see 2 yaks.

Vanquished Creatures
  Sigmund (D:3)
  3 yaks (D:4)
  A black bear (D:4)
  A phantom (D:2)
  A jelly (D:2)
  A bombardier beetle (D:3)
  2 hounds (D:4)
  A sleepcap (D:4)
  Robin (D:3)
  7 adders
  A ribbon worm (D:3)
  3 dart slugs
  An orc (D:4)
  10 endoplasms
  3 giant cockroaches
  16 goblins
  11 hobgoblins
  3 jackals (D:3)
  3 kobolds (D:2)
  2 quokkas
  2 ball pythons (D:4)
  8 bats
  2 frilled lizards (D:3)
  3 rats
87 creatures vanquished.

Notes
Turn   | Place    | Note
-------+----------+-------------------------------------------
     0 | D:1      | KKCryptic the Minotaur Fighter began the quest for the Orb.
     0 | D:1      | Reached XP level 1. HP: 19/19 MP: 0/0
   436 | D:1      | Reached XP level 2. HP: 27/27 MP: 1/1
   573 | D:1      | Got the Almanac of Electrocution and Unhallowed Liturgies
   707 | D:1      | Reached skill level 3 in Axes
  1090 | D:2      | Reached XP level 3. HP: 24/33 MP: 2/2
  1115 | D:2      | Found a hide-covered altar of Uskayaw.
  1144 | D:2      | Reached XP level 4. HP: 33/40 MP: 3/3
  1156 | D:2      | Became a worshipper of Uskayaw the Reveller
  1258 | D:2      | Noticed a phantom
  1260 | D:2      | Reached * piety under Uskayaw
  1267 | D:2      | Reached ** piety under Uskayaw
  1269 | D:2      | Killed a phantom
  1270 | D:2      | Reached skill level 4 in Axes
  1270 | D:2      | Reached XP level 5. HP: 38/47 MP: 0/4
  1393 | D:2      | Found Ewnaos's Jewellery Emporium.
  1592 | D:3      | Noticed Sigmund
  1722 | D:3      | Killed Sigmund
  1723 | D:3      | Reached skill level 5 in Axes
  1723 | D:3      | Reached skill level 1 in Dodging
  1723 | D:3      | Reached skill level 1 in Invocations
  1723 | D:3      | Reached XP level 6. HP: 43/53 MP: 4/6
  1880 | D:3      | Noticed Robin
  1908 | D:3      | Reached *** piety under Uskayaw
  1909 | D:3      | Killed Robin
  1939 | D:3      | Found a sparkling altar of Nemelex Xobeh.
  2111 | D:3      | Reached skill level 5 in Armour
  2495 | D:4      | Found a transporter.
  2562 | D:4      | Reached skill level 5 in Fighting
  2562 | D:4      | Reached skill level 5 in Shields
  2562 | D:4      | Reached XP level 7. HP: 59/61 MP: 7/7
  2695 | D:4      | Noticed a small abomination
  2714 | D:4      | Found a transporter.
  2761 | D:4      | Noticed Ruich's ghost (amateur OpSh)
  2797 | D:4      | Reached skill level 6 in Axes
  3012 | D:4      | Found a glowing golden altar of the Shining One.
  3012 | D:4      | Noticed a yak
  3012 | D:4      | Noticed a yak
  3012 | D:4      | Noticed a yak
  3012 | D:4      | Noticed a yak
  3013 | D:4      | Found an opulent altar of Gozag.
  3013 | D:4      | Noticed a yak
  3027 | D:4      | Reached **** piety under Uskayaw
  3028 | D:4      | Killed a yak
  3028 | D:4      | Killed a yak
  3028 | D:4      | Killed a yak
  3029 | D:4      | Reached skill level 7 in Axes
  3029 | D:4      | Reached XP level 8. HP: 23/68 MP: 3/9
  3035 | D:4      | Slain by a yak

Illustrated notes

Levels and vault maps discovered:
D:1:      shiori_arrival_oz, layout_basic
D:2:      layout_rooms, basic_altar, serial_shops, nicolae_shop_real_fake_doors,
          st_stairs_6
D:3:      layout_loops_ring, nemelex_xobeh_ov_fountains_minmay,
          minmay_misc_feat_roman, uniq_robin, uniq_sigmund
D:4:      layout_loops_cross, gammafunk_temple_overflow_forgotten,
          gammafunk_ghost_abyssal_escape, minmay_misc_feat_doors,
          chequers_serial_rivers_large_b, nzn_random_ring

Skill      XL: |  1  2  3  4  5  6  7 |
---------------+----------------------+-----
Axes           | 3 4 5 7 |  7.5
Armour         | 4 5 |  5.0
Shields        | 4 5 |  5.0
Fighting       | 4 5 |  5.0
Dodging        | 1 2 3 |  3.8
Invocations    | 1 2 3 |  3.4

Action                     |  1- 3 |  4- 6 |  7- 9 || total
---------------------------+-------+-------+-------++-------
  Melee: War axe           |    49 |   103 |    36 ||   188
         Headbutt          |     2 |    15 |     5 ||    22
 Invoke: Stomp             |       |     2 |       ||     2
         Line Pass         |       |       |     1 ||     1
    Use: Scroll            |     3 |     6 |       ||     9
         Potion            |       |       |     1 ||     1
   Stab: Paralysed         |       |     2 |       ||     2
         Confused          |       |       |     1 ||     1
 Armour: Scale mail        |    28 |    77 |    23 ||   128
  Dodge: Dodged            |    22 |    49 |    12 ||    83
  Block: Buckler           |     9 |    24 |    11 ||    44
